 Dungeon Sprint DCSS version 0.26-a0-683-g5206c1d7ac (webtiles) character file.

Game seed: 14817931904364040449

1303 rocky1 the Blocker (level 8, -5/57 HPs)
             Began as a Gargoyle Fighter on Oct 23, 2020.
             Was a Believer of Qazlal.
             Slain by Snorg (10 damage)
             ... in the Dungeon (Sprint III: "The Ten Rune Challenge").
             The game lasted 00:04:55 (1131 turns).

rocky1 the Blocker (Gargoyle Fighter)               Turns: 1131, Time: 00:04:56

Health: -5/57      AC: 12    Str: 20    XL:     8   Next: 57%
Magic:  9/13       EV:  9    Int: 10    God:    Qazlal [**....]
Gold:   16         SH: 15    Dex: 10    Spells: 7/7 levels left

rFire    . . .     SeeInvis .   a - +0 flail
rCold    . . .     Faith    .   c - +0 kite shield
rNeg     + . .     Spirit   .   b - +0 scale mail
rPois    ∞         Reflect  .   f - +0 hat
rElec    +         Harm     .   (no cloak)
rCorr    .         Rampage  .   (no gloves)
MR       .....     NoTele   +   (no boots)
Stlth    ..........             (no amulet)
HPRegen  0.19/turn              (no ring)
MPRegen  0.13/turn              (no ring)

@: mighty
A: negative energy resistance 1, electricity resistance, unbreathing,
petrification resistance, rot immunity, AC +5
a: Upheaval, Renounce Religion


You were in the Dungeon.
You worshipped Qazlal.
Qazlal was pleased with you.
You visited 1 branch You collected 16 gold pieces.

Inventory:

Hand Weapons
 a - a +0 flail (weapon)
 e - a +0 long sword of holy wrath
Armour
 b - a +0 scale mail (worn)
 c - a +0 kite shield (worn)
 f - a +0 hat (worn)
Scrolls
 j - a scroll of blinking
 k - a scroll of enchant weapon {unknown}
 l - 2 scrolls of torment {unknown}
 m - 4 scrolls of identify
 o - 2 scrolls of remove curse
Potions
 g - a potion of haste
 h - 2 potions of magic
 n - a potion of brilliance {unknown}
 p - 2 potions of flight
 q - 5 potions of mutation


   Skills:
 + Level 10.0 Fighting
 + Level 10.8 Maces & Flails
 - Level 3.2 Armour
 + Level 11.9 Shields
 + Level 6.9 Invocations


You had 7 spell levels left.
You didn't know any spells.
Your spell library was empty.

Dungeon Overview and Level Annotations

Branches:
Dungeon (1/1)

Altars:
Cheibriados
Dithmenos
Elyvilon
Fedhas
Gozag
Hepliaklqana
Kikubaaqudgha
Makhleb
Nemelex Xobeh
Okawaru
Qazlal
Ru
Sif Muna
Trog
Uskayaw
Vehumet
Wu Jian
Xom
Yredelemnul
Zin
The Shining One
Beogh
Jiyva
Lugonu

Annotations:
D Snorg


Innate Abilities, Weirdness & Mutations

You are resistant to torment.
Your stone body is resilient. (AC +5)
You are immune to poison.
You resist negative energy. (rN+)
You are resistant to electric shocks. (rElec)
You can survive without breathing.
You are immune to petrification.
You are immune to rotting.


Message History

Snorg bites you! You block Snorg's attack. Snorg claws you.
You barely miss Snorg.
Snorg is lightly wounded.
Snorg bites you. You block Snorg's attack. Snorg claws you.
* * * LOW HITPOINT WARNING * * *
You closely miss Snorg.
Snorg is lightly wounded.
You block Snorg's attack. x2; Snorg claws you but does no damage.
You hit Snorg.
Snorg is lightly wounded.
You block Snorg's attack. Snorg claws you!
* * * LOW HITPOINT WARNING * * *
You block Snorg's attack. Snorg bites you but does no damage. Snorg claws you.
* * * LOW HITPOINT WARNING * * *
Snorg closely misses you.
Okay, then.
You closely miss Snorg.
Snorg is lightly wounded.
Snorg barely misses you. Snorg claws you!
You die...

##.############
#..#___#___#__#
#..#...#__.#._#
#..###'#'###)##
#..#..........#
)..'.⌠........#
...#...######'#
...#.⌠.#__#...#+#####
...#...#__#...#.@≈≈≈+
...#'###__#...#.#T§≈#
...#.).#__#...'.#§§.#
...#___#__'...#.#...#
▓▓▓▓▓▓▓▓▓▓▓▓▓▓▓▓▓▓▓▓▓


You could see Snorg (berserk).

Vanquished Creatures
  A deep elf mage (D)
  A shadow (D)
  A spatial vortex (D)
  A necrophage (D)
  A water elemental (D)
  A scorpion (D)
  A jelly (D)
  Jessica (D)
  A wizard (D)
  A necromancer (D)
  3 humans (D)
  A kobold demonologist (D)
  An ooze (D)
  2 rats (D)
17 creatures vanquished.

Notes
Turn   | Place    | Note
-------+----------+-------------------------------------------
     0 | D        | rocky1 the Gargoyle Fighter began the quest for the Orb.
     0 | D        | Reached XP level 1. HP: 14/14 MP: 1/1
    12 | D        | Reached skill level 4 in Shields
    59 | D        | Noticed Jessica
    69 | D        | Killed Jessica
    69 | D        | Reached skill level 5 in Shields
    69 | D        | Reached XP level 2. HP: 17/19 MP: 2/2
    69 | D        | Reached XP level 3. HP: 21/23 MP: 3/3
    78 | D        | Noticed a scorpion
   108 | D        | Reached skill level 5 in Maces & Flails
   108 | D        | Reached skill level 6 in Shields
   113 | D        | Killed a scorpion
   113 | D        | Reached skill level 7 in Shields
   113 | D        | Reached XP level 4. HP: 16/28 MP: 4/4
   239 | D        | Noticed a water elemental
   247 | D        | Killed a water elemental
   247 | D        | Reached skill level 8 in Shields
   247 | D        | Reached XP level 5. HP: 34/34 MP: 5/5
   300 | D        | Reached skill level 5 in Fighting
   595 | D        | Noticed a shadow
   600 | D        | Killed a shadow
   600 | D        | Reached skill level 9 in Shields
   600 | D        | Reached XP level 6. HP: 35/44 MP: 6/6
   667 | D        | Found a blossoming altar of Fedhas.
   667 | D        | Found a stormy altar of Qazlal.
   667 | D        | Found a snail-covered altar of Cheibriados.
   667 | D        | Found a burning altar of Makhleb.
   667 | D        | Found a shimmering altar of Xom.
   668 | D        | Found a hazy altar of Hepliaklqana.
   668 | D        | Found an opulent altar of Gozag.
   668 | D        | Found a sparkling altar of Nemelex Xobeh.
   668 | D        | Found a corrupted altar of Lugonu.
   668 | D        | Found a viscous altar of Jiyva.
   668 | D        | Noticed a spatial vortex
   672 | D        | Became a worshipper of Qazlal Stormbringer
   687 | D        | Killed a spatial vortex
   687 | D        | Reached skill level 10 in Shields
   687 | D        | Reached XP level 7. HP: 48/48 MP: 6/9
   705 | D        | Found a basalt altar of Yredelemnul.
   705 | D        | Found a shadowy altar of Dithmenos.
   705 | D        | Found a sacrificial altar of Ru.
   715 | D        | Reached * piety under Qazlal
   775 | D        | Found a hide-covered altar of Uskayaw.
   775 | D        | Found a roughly hewn altar of Beogh.
   775 | D        | Found an iron altar of Okawaru.
   775 | D        | Found a bloodstained altar of Trog.
   775 | D        | Found an ornate altar of the Wu Jian Council.
   775 | D        | Noticed a human
   775 | D        | Noticed a human
   790 | D        | Killed a human
   790 | D        | Reached skill level 11 in Shields
   796 | D        | Killed a human
   796 | D        | Reached skill level 10 in Maces & Flails
   796 | D        | Reached skill level 5 in Invocations
   815 | D        | Found a radiant altar of Vehumet.
   815 | D        | Found a shimmering blue altar of Sif Muna.
   815 | D        | Found an ancient bone altar of Kikubaaqudgha.
   818 | D        | Noticed a chaos spawn
   818 | D        | Reached ** piety under Qazlal
   818 | D        | Reached XP level 8. HP: 43/56 MP: 12/12
   824 | D        | Noticed a red devil
   842 | D        | Found a glowing silver altar of Zin.
   842 | D        | Found a glowing golden altar of the Shining One.
   842 | D        | Found a white marble altar of Elyvilon.
   842 | D        | Noticed a deep elf mage
   854 | D        | Killed a deep elf mage
   854 | D        | Reached skill level 10 in Fighting
  1124 | D        | Noticed Snorg
  1131 | D        | Slain by Snorg

Illustrated notes

Levels and vault maps discovered:
D:        dungeon_sprint_mu [sprint_mu_entry_cave, sprint_mu_temple_rooms,
          sprint_mu_d1_horrors, sprint_mu_d2_genie, sprint_mu_d3_branching,
          sprint_mu_orc_legion, sprint_mu_elf_gauntlet, sprint_mu_hive_nellie,
          sprint_mu_lair_fedhas, sprint_mu_vaults_butterflies,
          sprint_mu_slime_circle, sprint_mu_shoals_archi,
          sprint_mu_snake_twists, sprint_mu_blade_basic,
          sprint_mu_crypt_fortress, sprint_mu_tomb_spiral,
          sprint_mu_vestibule_basic, sprint_mu_gehenna_hellfire,
          sprint_mu_dis_giant, sprint_mu_tartarus_statrot,
          sprint_mu_cocytus_islands, sprint_mu_zot1]

Skill      XL: |  1  2  3  4  5  6  7  8 |
---------------+-------------------------+-----
Maces & Flails | 4 6 7 8 9 10 | 10.8
Shields        | 5 7 8 9 10 11 | 11.9
Fighting       | 4 7 9 10 | 10.0
Invocations    | 2 5 6 |  6.9
Armour         | |  3.2

Action                   |  1- 3 |  4- 6 |  7- 9 || total
-------------------------+-------+-------+-------++-------
Melee: Flail             |    49 |    32 |    44 ||   125
Invok: Upheaval          |       |       |     1 ||     1
  Use: Potion            |     1 |     1 |     3 ||     5
Armor: Scale mail        |    14 |     3 |     9 ||    26
Dodge: Dodged            |     6 |     5 |    12 ||    23
Block: Kite shield       |    23 |     9 |    18 ||    50

Table legend: (Time is in decaauts)
 A = Elapsed time spent in this place.
 B = Non-inter-level travel time spent in this place.
 C = Inter-level travel time spent in this place.
 D = Time resting spent in this place.
 E = Time spent auto-exploring this place.
 F = Levels seen in this place.
 G = Mean time per level.
                   A        B        C        D        E       F      G
               +--------+--------+--------+--------+--------+-----+--------+
         Total |   1127 |   1127 |      0 |    739 |      0 |   1 | 1127.0 |
       Dungeon |   1127 |   1127 |      0 |    739 |      0 |   1 | 1127.0 |
               +--------+--------+--------+--------+--------+-----+--------+

Top non-repeatable levels by time:
       D: 1127 daAuts
